 Dungeon Crawl Stone Soup version 0.30-a0-263-ge22c4ad894 (webtiles) character file.

Game seed: 4259101063417755029

170840 tilp the Cleaver (level 18, -5/98 HPs)
             Began as a Vine Stalker Artificer on Oct 12, 2022.
             Was a Follower of Yredelemnul.
             Slain by a fenstrider witch (12 damage)
             ... on level 3 of the Swamp on Oct 13, 2022.
             The game lasted 00:53:23 (23116 turns).

tilp the Cleaver (Vine Stalker Artificer)          Turns: 23116, Time: 00:53:24

Health: -5/98      AC: 25    Str: 22    XL:     18   Next: 0%
Magic:  0/25       EV: 11    Int: 11    God:    Yredelemnul [*.....]
Gold:   2508       SH: 17    Dex: 16    Spells: 17/17 levels left

rFire   . . .      SeeInvis .    a - +4 broad axe of Sulil {freeze, rC++}
rCold   + + .      Faith    .    T - +0 kite shield
rNeg    . . .      Spirit   +    W - +0 chain mail
rPois   +          Reflect  +    z - +2 helmet
rElec   .          Harm     .    I - +1 cloak
rCorr   .          Rampage  .    H - +2 pair of gloves
Will    ++...                    V - +1 pair of boots
Stlth   ..........               Z - amulet of reflection
HPRegen 1.16/turn                U - ring of poison resistance
MPRegen 0.19/turn                u - +4 ring of protection

@: very slow
A: fangs 3, regeneration 1, magic shield, antimagic bite, no potion heal 2
a: Renounce Religion, Recall Undead Harvest


You were on level 3 of the Swamp.
You worshipped Yredelemnul.
Yredelemnul was aware of your devotion.
You visited 4 branches of the dungeon, and saw 25 of its levels.
You also visited: Bailey and Ice Cave.

You collected 2715 gold pieces.
You spent 207 gold pieces at shops.

Inventory:

Hand Weapons
 a - the +4 broad axe of Sulil (weapon) {freeze, rC++}
   (You found it in a bailey)

   It freezes those it strikes, dealing additional cold damage.
   It can also slow down cold-blooded creatures.
   rC:        It greatly protects you from cold.
 b - the +8 whip "Snakebite" {venom, curare, rPois}
   (You acquired it on level 3 of the Dungeon)

   It poisons the flesh of those it strikes.
   It occasionally inflicts asphyxiating poison on those it strikes, dealing
   poison damage and causing slowness.
   rPois:     It protects you from poison.
 g - a +9 executioner's axe
Missiles
 h - a silver javelin
 o - 10 javelins
 p - 33 poisoned darts
 D - 19 boomerangs
 J - 2 curare-tipped darts
 K - 2 silver boomerangs
 X - a throwing net
Armour
 v - the +10 chain mail of Sunlight {-Tele Str+2 Dex+4 Stlth+}
   (You found it on level 2 of the Lair of Beasts)

   Str:       It affects your strength (+2).
   Dex:       It affects your dexterity (+4).
   -Tele:     It prevents most forms of teleportation.
   Stlth:     It makes you more stealthy.
 z - a +2 helmet (worn)
 H - a +2 pair of gloves (worn)
 I - a +1 cloak (worn)
 T - a +0 kite shield (worn)
 V - a +1 pair of boots (worn)
 W - a +0 chain mail (worn)
Jewellery
 u - a +4 ring of protection (right hand)
 N - a ring of protection from fire
 U - a ring of poison resistance (left hand)
 Z - an amulet of reflection (around neck)
Wands
 c - a wand of flame (43) (quivered)
 d - a wand of charming (14)
 e - a wand of iceblast (21)
 w - a wand of mindburst (10)
 x - a wand of digging (5)
 A - a wand of polymorph (28)
 E - a wand of light (3)
 O - a wand of paralysis (33)
Scrolls
 f - 2 scrolls of summoning
 i - 4 scrolls of poison
 m - 12 scrolls of teleportation
 s - 6 scrolls of vulnerability
 y - 4 scrolls of fear
 F - a scroll of silence
 G - 6 scrolls of fog
 Q - 4 scrolls of magic mapping
 R - 2 scrolls of blinking
Potions
 j - 10 potions of flight
 k - 9 potions of curing
 l - a potion of berserk rage
 n - 4 potions of haste
 q - 3 potions of cancellation
 t - 5 potions of mutation
 B - 8 potions of attraction
 C - 2 potions of lignification
 L - 2 potions of might
 M - a potion of magic
 P - 3 potions of resistance
 S - 2 potions of invisibility
Miscellaneous
 r - a condenser vane
 Y - a piece from Xom's chessboard (15/15)


   Skills:
 - Level 12.0 Fighting
 + Level 13.7(15.1) Axes
 - Level 10.5(13.5) Maces & Flails
 - Level 0.7(8.9) Polearms
 - Level 6.0 Armour
 - Level 10.0 Dodging
 - Level 2.0 Stealth
 - Level 10.0 Shields
 - Level 8.0 Invocations
 - Level 10.0 Evocations


You had 17 spell levels left.
You didn't know any spells.
Your spell library contained the following spells:

 Spells                   Type           Power      Damage    Failure   Level
 Apportation              Tloc           0%         N/A       99%         1
 Sublimation of Blood     Necr           0%         N/A       100%        2
 Dazzling Flash           Conj/Hex       0%         N/A       100%        3
 Ignite Poison            Fire/Tmut/Pois 0%         N/A       100%        3
 Kindle Blastsparks       Fire/Tloc/Air  0%         2d10      100%        3
 Ozocubu's Armour         Ice            0%         N/A       100%        3
 Vhi's Electric Charge    Tloc/Air       0%         N/A       100%        3
 Animate Armour           Summ/Erth      0%         N/A       100%        4
 Flame Wave               Conj/Fire      0%         2d4       100%        4
 Iskenderun's Mystic Bla  Conj/Tloc      0%         2d3       100%        4
 Manifold Assault         Tloc           0%         N/A       100%        4
 Petrify                  Tmut/Erth      0%         N/A       100%        4
 Alistair's Intoxication  Tmut/Pois      0%         N/A       100%        5
 Arcjolt                  Conj/Air       0%         1d10      100%        5
 Blade Hands              Tmut           0%         N/A       100%        5
 Borgnjor's Vile Clutch   Necr/Erth      0%         N/A       100%        5
 Freezing Cloud           Conj/Ice/Air   0%         6-21      100%        5
 Irradiate                Conj/Tmut      0%         3d11      100%        5
 Metabolic Englaciation   Hex/Ice        0%         N/A       100%        5
 Dispersal                Tloc           0%         N/A       100%        6
 Eringya's Noxious Bog    Tmut/Pois      0%         N/A       100%        6
 Iron Shot                Conj/Erth      0%         9d1       100%        6
 Starburst                Conj/Fire      0%         6d3       100%        6
 Orb of Destruction       Conj           0%         9d5       100%        7
 Spellforged Servitor     Conj/Summ      0%         N/A       100%        7
 Disjunction              Tloc           0%         N/A       100%        8
 Maxwell's Capacitive Co  Air            0%         ∞         100%        8
 Simulacrum               Ice/Necr       Unusable   N/A       N/A         6

Dungeon Overview and Level Annotations

Branches:
Dungeon (15/15)            Temple (0/1) D:5            Lair (5/5) D:10
  Swamp (3/4) Lair:3        Snake (0/4) Lair:3        Slime (0/5) Lair:4
    Orc (2/2) D:9             Elf (0/3) Orc:2        Vaults (0/5) D:13
 Depths (0/4) D:15         Bailey (visited)           IceCv (visited)

Altars:
Dithmenos
Fedhas
Gozag
Kikubaaqudgha
Makhleb
Nemelex Xobeh
Ru
Sif Muna
Uskayaw
Vehumet
Xom
Yredelemnul
Zin

Shops:
D:1 !   D:4 (   Orc:2 :((**(

Portals:
Hell: Lair:5

Annotations:
D:11 3 runed translucent doors, WhatIsLove's ghost, journeyman TeCj


Innate Abilities, Weirdness & Mutations

You have razor-sharp teeth.
Your natural rate of healing is unusually fast.
When hurt, damage is shared between your health and your magic reserves.
Your bite disrupts and absorbs the magic of your enemies.
Potions cannot restore your health.


Message History

Unknown command.
You are too injured to fight recklessly!
Unknown command.
Your unstable footing causes you to fumble your attack.
The fenstrider witch hits you.
You block the fenstrider witch's attack.
The spriggan hits you with a +0 short sword.
The spriggan rider hits you but does no damage.
Unknown command.
Unknown command.
Unknown command.
Your unstable footing causes you to fumble your attack.
The tentacled monstrosity tentacle-slaps you.
The tentacled monstrosity tentacle-slaps you!
You block the tentacled monstrosity's attack.
The tentacled monstrosity constricts you.
The fenstrider witch hits you!
* * * LOW HITPOINT WARNING * * *
The fenstrider witch kicks you but does no damage.
You block the spriggan's attack.
Your swamp worm zombie bites the fenstrider witch.
The spriggan rider hits you but does no damage.
Unknown command.
Unknown command.
You escape the tentacled monstrosity's grasp.
The fenstrider witch attacks as you move away!
You block the fenstrider witch's attack.
The fenstrider witch kicks you!
* * * LOW HITPOINT WARNING * * *
You block the tentacled monstrosity's attack.
The tentacled monstrosity tentacle-slaps you!
* * * LOW HITPOINT WARNING * * *
The tentacled monstrosity tentacle-slaps you but does no damage.
You block the tentacled monstrosity's attack.
Your swamp worm zombie closely misses the fenstrider witch.
The fenstrider witch hits you!
* * * LOW HITPOINT WARNING * * *
The fenstrider witch kicks you!
You die...
Your body rises from the dead as a mindless zombie.

≈~#..P#~≈≈≈≈♣♣♣~.~~)~.~w~♣♣
~#.###.#≈≈≈≈≈♣♣~♣♣)~~~....♣
≈P## ##.~≈≈♣♣♣.<~~~§~~~~~.~
~. .~≈≈≈♣♣.>.♣~~.~~~~~~ ≈^#
##.≈≈≈≈♣~~♣~~...~~~~~~
#.#~≈≈$~...~~~~=~~§~.~
.#~≈≈≈~♣~~~>)♣~~~~~..~
≈~≈≈≈~~..~~~Z♣~..~...~
≈≈.~.~~~.@H~i~~~~~.
≈.♣~~~§§X~♣~~~~.
♣.♣~.~.i~~.....
♣.......~~~..##
♣♣~♣........###
♣.~....~<♣~.#.≈
♣♣.♣♣.~~.~..##≈ ♣..
♣♣§.♣...#.≈P ♣.♣
♣~.♣...###§


You could see a tentacled monstrosity, a fenstrider witch, a spriggan rider, a
spriggan (ally target) and a friendly swamp worm zombie.

Vanquished Creatures
  Rupert (D:15)
  A frost giant (IceCv)
  An orc warlord (Bailey)
  An eleionoma (Swamp:2)
  Azrael (D:13)
  A bunyip (Swamp:3)
  2 ettins
  7 hydras
  2 ogre magi (Orc:2)
  2 vault guards (D:13)
  10 two-headed ogres
  A catoblepas (D:14)
  3 boulder beetles
  4 centaur warriors
  The ghost of gabibbone the Nimble, a journeyman SpAE of Vehumet (Lair:2)
  3 alligators
  A death knight (D:15)
  6 death yaks (IceCv)
  4 tengu warriors
  2 orc high priests
  A hell knight (D:15)
  A sun demon (Lair:5)
  Lodul (D:13)
  3 goliath frogs (Swamp:1)
  3 deep trolls
  2 swamp dragons
  4 wizards
  2 orc knights
  A necromancer (D:13)
  5 cyclopes
  A deep elf pyromancer (D:14)
  5 manticores
  11 ugly things
  A salamander (Lair:2)
  6 black mambas
  20 elephants
  A will-o-the-wisp (Swamp:2)
  An ice statue (IceCv)
  An orange demon (Lair:5)
  A torpor snail (Lair:2)
  8 cane toads
  2 unseen horrors
  9 komodo dragons
  An efreet (D:15)
  A kobold demonologist (D:12)
  A freezing wraith (D:15)
  10 rime drakes
  4 ice devils (Lair:5)
  4 polar bears
  A red devil (Lair:5)
  A hellwing (Lair:5)
  13 trolls
  A hydra zombie (Lair:2)
  5 hornets
  3 tyrant leeches
  2 meliai (D:15)
  Grinder (D:3)
  7 slime creatures
  8 blink frogs
  Sigmund (D:6)
  3 dream sheep (Lair:2)
  A centaur simulacrum (D:15)
  2 shadows
  A wyvern (Lair:1)
  18 humans (D:13)
  13 spriggans
  37 yaks
  A wraith (D:15)
  2 fire elementals (D:13)
  4 basilisks
  7 vampire mosquitoes
  A death yak simulacrum (Lair:4)
  11 swamp worms
  4 wargs
  An acid dragon (D:12)
  12 water moccasins
  Duvessa (D:6)
  4 hell hounds
  2 black bears (Lair:2)
  28 orc warriors
  A swamp drake (Swamp:1)
  An ice beast (D:7)
  24 ogres
  7 wolves
  10 centaurs
  5 bullfrogs
  3 necrophages
  A gnoll sergeant (D:11)
  6 kobold brigands
  3 scorpions
  A cane toad simulacrum (Lair:4)
  8 wights
  Dowan (D:6)
  4 killer bees (D:9)
  6 howler monkeys
  An electric eel (Lair:5)
  4 jellies
  2 hounds
  Crazy Yiuf (D:3)
  2 gnoll boudas
  6 orc priests
  Jessica (D:2)
  3 iguanas (D:6)
  19 orc wizards
  2 wolf simulacra (Lair:4)
  2 adders (D:3)
  16 gnolls
  2 shadow imps (D:7)
  A white imp (D:5)
  An ufetubus (D:5)
  2 worms
  3 dart slugs
  50 orcs
  2 bats (D:1)
  5 endoplasms
  3 giant cockroaches
  15 goblins
  21 hobgoblins
  2 jackals (D:2)
  32 kobolds
  2 quokkas
  A ball python (D:3)
  2 frilled lizards (D:1)
  5 rats
650 creatures vanquished.

Vanquished Creatures (collateral kills)
  Frances (D:13)
  3 hydras
  A centaur warrior (D:15)
  3 alligators
  2 two-headed ogres
  3 death yaks (IceCv)
  A goliath frog (Swamp:1)
  2 spriggan druids
  A spriggan rider (Swamp:2)
  A necromancer (D:15)
  A manticore (D:15)
  3 ugly things
  A cyclops (Orc:2)
  5 elephants
  A black mamba (Lair:3)
  3 cane toads
  A rime drake (Lair:5)
  An efreet (D:10)
  2 komodo dragons (Lair:5)
  A troll (Orc:2)
  2 polar bears (IceCv)
  A meliai (D:15)
  A bloated husk (Swamp:1)
  2 tyrant leeches
  2 hornets
  A slime creature (D:12)
  A dream sheep (Lair:2)
  A blink frog (Lair:4)
  2 shadows
  10 yaks
  2 basilisks (Lair:1)
  3 spriggans
  2 wraiths
  A wyvern (Lair:4)
  2 humans (D:13)
  3 wargs
  Menkaure (D:7)
  3 vampire mosquitoes
  An acid dragon (D:10)
  4 swamp worms
  2 hell hounds
  5 water moccasins
  5 orc warriors
  A black bear (Lair:5)
  6 ogres
  3 wolves
  2 centaurs (D:10)
  A phantom (D:5)
  A bullfrog (Lair:4)
  A cane toad simulacrum (Lair:4)
  A wight (D:6)
  3 howler monkeys
  An orc priest (Orc:1)
  An iguana (Lair:3)
  An orc wizard (D:6)
  A white imp (D:5)
  A dart slug (D:2)
  8 orcs
  2 goblins
  3 kobolds (D:11)
  3 training dummies (Orc:2)
134 creatures vanquished.

Vanquished Creatures (others)
  A hydra (D:13)
  An ugly thing zombie (D:14)
  2 death yak zombies (IceCv)
  5 swamp worm zombies
  An unseen horror zombie (D:10)
  A hydra zombie (Swamp:3)
  An alligator zombie (Swamp:1)
  A meliai zombie (D:15)
  2 black mamba zombies (Lair:3)
  2 slime creature zombies
  A spriggan (Swamp:3)
  A vampire mosquito (D:10)
  2 two-headed ogre zombies
  A tengu zombie (D:15)
  2 cane toad zombies
  2 spectral efreet
  6 elephant zombies
  An elf zombie (D:14)
  2 blink frog zombies
  A rime drake zombie (IceCv)
  2 komodo dragon zombies (Lair:5)
  4 hell hound zombies
  2 water moccasin zombies (Lair:3)
  2 polar bear zombies (IceCv)
  4 warg zombies
  4 spriggan zombies
  8 yak zombies
  A troll zombie (Orc:2)
  6 wolf zombies
  A bullfrog zombie (D:6)
  3 centaur zombies
  2 killer bee zombies (D:9)
  9 ogre zombies
  A howler monkey zombie (D:9)
  14 human zombies
  An iguana zombie (D:6)
  A worm zombie (D:4)
  2 gnoll zombies
  5 goblin zombies (Bailey)
  5 hobgoblin zombies (Bailey)
  3 kobold zombies
  35 orc zombies
  31 fungi
  37 plants
219 creatures vanquished.

Grand Total: 1003 creatures vanquished

Notes
Turn   | Place    | Note
-------+----------+-------------------------------------------
     0 | D:1      | tilp the Vine Stalker Artificer began the quest for the
                  | Orb.
     0 | D:1      | Reached XP level 1. HP: 9/9 MP: 2/2
    30 | D:1      | Reached skill level 1 in Fighting
   282 | D:1      | Reached skill level 1 in Dodging
   282 | D:1      | Reached XP level 2. HP: 9/14 MP: 3/3
   483 | D:1      | Found Pevuxieng's Distillery.
   488 | D:1      | Bought a potion of curing for 42 gold pieces
   835 | D:1      | Reached XP level 3. HP: 17/17 MP: 4/4
   926 | D:2      | Found a faded altar of an unknown god.
   962 | D:2      | Prayed at the altar of an unknown god.
   962 | D:2      | Became a worshipper of Yredelemnul the Dark
   962 | D:2      | Reached * piety under Yredelemnul
  1010 | D:2      | Found the +6 lightning scales {swift, rElec}
  1306 | D:2      | Noticed Jessica
  1311 | D:2      | Killed Jessica
  1312 | D:2      | Gained mutation: Your natural rate of healing is unusually
                  | fast. [Vine Stalker growth]
  1312 | D:2      | Reached XP level 4. HP: 18/23 MP: 3/5
  1354 | D:2      | You fall into a shaft and drop 2 floors!
  1418 | D:4      | Found Boijeu Zutay's Weapon Boutique.
  1429 | D:4      | Noticed a scorpion
  1438 | D:4      | Killed a scorpion
  1439 | D:4      | Reached XP level 5. HP: 22/26 MP: 6/6
  1477 | D:4      | Reached skill level 1 in Maces & Flails
  1827 | D:3      | Identified the +9 spear of the Enchanted Forest {vorpal,
                  | Str+3}
  2173 | D:3      | Noticed Grinder
  2189 | D:3      | Paralysed by Grinder for 3 turns
  2192 | D:3      | Killed Grinder
  2193 | D:3      | Reached XP level 6. HP: 33/33 MP: 5/7
  2363 | D:3      | Found a runed translucent door.
  2364 | D:3      | Noticed Crazy Yiuf
  2410 | D:3      | Identified a scroll of acquirement
  2410 | D:3      | Acquired the +8 whip "Snakebite" {venom, curare, rPois}
  2410 | D:3      | Found the +8 whip "Snakebite" {venom, curare, rPois}
  2753 | D:4      | Reached XP level 7. HP: 37/37 MP: 8/8
  3320 | D:5      | Entered Level 5 of the Dungeon
  3590 | D:5      | Found an ancient bone altar of Kikubaaqudgha.
  3656 | D:5      | Found a staircase to the Ecumenical Temple.
  3983 | D:5      | Found a shadowy altar of Dithmenos.
  4100 | D:5      | Found a shimmering blue altar of Sif Muna.
  4100 | D:5      | Found a blossoming altar of Fedhas.
  4153 | D:5      | Gained mutation: You have razor-sharp teeth. [Vine Stalker
                  | growth]
  4153 | D:5      | Reached XP level 8. HP: 39/42 MP: 7/9
  4155 | D:5      | Reached ** piety under Yredelemnul
  4618 | D:6      | Noticed Sigmund
  4624 | D:6      | Killed Sigmund
  4625 | D:6      | Reached skill level 5 in Fighting
  4698 | D:6      | Reached skill level 5 in Maces & Flails
  4824 | D:6      | Reached *** piety under Yredelemnul
  4933 | D:6      | Reached XP level 9. HP: 19/48 MP: 5/10
  4951 | D:6      | Your ally Sigmund died
  5200 | D:6      | Noticed Duvessa
  5200 | D:6      | Noticed Dowan
  5207 | D:6      | Killed Duvessa
  5213 | D:6      | Killed Dowan
  5323 | D:6      | Found an opulent altar of Gozag.
  5324 | D:6      | Found a sparkling altar of Nemelex Xobeh.
  5541 | D:7      | Found a flagged portal.
  5557 | D:7      | Reached skill level 1 in Invocations
  5592 | Bailey   | Entered a bailey
  5670 | Bailey   | Noticed an orc knight
  5692 | Bailey   | Killed an orc knight
  5823 | Bailey   | Reached XP level 10. HP: 47/53 MP: 10/13
  5829 | Bailey   | Reached skill level 5 in Evocations
  5968 | Bailey   | Noticed an orc warlord
  5980 | Bailey   | Reached skill level 5 in Dodging
  5995 | Bailey   | Killed an orc warlord
  6008 | Bailey   | Identified the +4 broad axe of Sulil {freeze, rC++}
  6061 | Bailey   | Upgraded the game from 0.30-a0-250-g41c1d76940 to
                  | 0.30-a0-263-ge22c4ad894
  6435 | D:7      | Noticed Menkaure
  6442 | D:7      | Killed Menkaure
  6546 | D:3      | Killed Crazy Yiuf
  6793 | D:8      | Found a radiant altar of Vehumet.
  7065 | D:8      | Reached XP level 11. HP: 59/59 MP: 15/15
  7076 | D:8      | Reached **** piety under Yredelemnul
  7083 | D:8      | Reached ***** piety under Yredelemnul
  7807 | D:9      | Found a sacrificial altar of Ru.
  7807 | D:9      | Noticed a two-headed ogre
  7816 | D:9      | Killed a two-headed ogre
  7900 | D:9      | Found a staircase to the Orcish Mines.
  8276 | D:9      | Noticed a centaur warrior
  8288 | D:9      | Killed a centaur warrior
  8485 | D:10     | Entered Level 10 of the Dungeon
  8545 | D:10     | Reached skill level 5 in Invocations
  8808 | D:10     | Found a shimmering altar of Xom.
  8856 | D:10     | Found a staircase to the Lair.
  8926 | D:10     | Identified the +5 dagger "Xeusauzo" {elec, Str+5}
  9484 | D:11     | Reached XP level 12. HP: 51/65 MP: 15/17
  9526 | D:11     | Noticed a two-headed ogre
  9535 | D:11     | Killed a two-headed ogre
  9536 | D:11     | Reached skill level 1 in Shields
  9852 | D:11     | Noticed a two-headed ogre
  9858 | D:11     | Killed a two-headed ogre
  9941 | D:11     | Found a runed translucent gate.
  9941 | D:11     | Found a runed translucent gate.
  9941 | D:11     | Found a runed translucent gate.
  9965 | D:11     | Noticed a two-headed ogre
  9966 | D:11     | Noticed a minotaur
  9966 | D:11     | Noticed WhatIsLove's ghost (journeyman TeCj)
 10461 | Lair:1   | Entered Level 1 of the Lair of Beasts
 11366 | Lair:2   | Reached skill level 5 in Shields
 11396 | Lair:2   | Reached XP level 13. HP: 71/71 MP: 18/18
 11504 | Lair:2   | Found a runed translucent door.
 11505 | Lair:2   | Noticed gabibbone's ghost (journeyman SpAE)
 11556 | Lair:2   | Reached skill level 10 in Fighting
 11559 | Lair:2   | Reached skill level 10 in Maces & Flails
 11977 | Lair:2   | Reached ****** piety under Yredelemnul
 12341 | Lair:3   | Found a staircase to the Snake Pit.
 12648 | Lair:3   | Found a staircase to the Swamp.
 13133 | Lair:4   | Found a frozen archway.
 13183 | IceCv    | Entered an ice cave
 13215 | IceCv    | Reached XP level 14. HP: 24/77 MP: 7/20
 13220 | IceCv    | Reached skill level 5 in Armour
 13438 | IceCv    | Reached skill level 1 in Axes
 13880 | IceCv    | Reached skill level 2 in Axes
 13938 | IceCv    | Noticed a frost giant
 13953 | IceCv    | Killed a frost giant
 14470 | Lair:4   | Reached skill level 3 in Axes
 14538 | Lair:4   | Found a staircase to the Slime Pits.
 14698 | Lair:5   | Entered Level 5 of the Lair of Beasts
 15252 | Lair:5   | Found the +8 demon blade "Leech" {vamp, Harm Drain rN+}
 15273 | Lair:5   | Got the Essays on Discontinuous Outbursts
 15407 | Lair:5   | Reached skill level 4 in Axes
 15607 | Lair:5   | Found a burning altar of Makhleb.
 15621 | Lair:5   | HP: 1/79 [poisoned by an orange demon]
 15840 | Lair:5   | Reached XP level 15. HP: 35/82 MP: 13/22
 15900 | Lair:5   | Found a gateway to Hell.
 16141 | Orc:1    | Entered Level 1 of the Orcish Mines
 16169 | Orc:1    | Reached skill level 5 in Axes
 16690 | Orc:2    | Entered Level 2 of the Orcish Mines
 16691 | Orc:2    | Found Xudaorikk's Book Shoppe.
 16811 | Orc:2    | Found Usheut's Weapon Boutique.
 16865 | Orc:2    | Reached skill level 6 in Axes
 16875 | Orc:2    | HP: 2/83 [ettin/+0 dire flail (19)]
 17259 | Orc:2    | Found Ifirir's Weapon Emporium.
 17266 | Orc:2    | Found Yqooty's Assorted Antiques.
 17268 | Orc:2    | Found Zouta's Assorted Antiques.
 17363 | Orc:2    | Found Udet's Firing Range.
 17488 | Orc:2    | Found a staircase to the Elven Halls.
 17688 | Orc:2    | Bought a scroll of blinking for 165 gold pieces
 18171 | D:12     | Reached skill level 10 in Evocations
 18328 | D:12     | Reached skill level 7 in Axes
 18488 | D:13     | Noticed Lodul
 18497 | D:13     | Killed Lodul
 18703 | D:13     | Noticed Azrael
 18727 | D:13     | Killed Azrael
 18875 | D:13     | Reached skill level 10 in Dodging
 18891 | D:13     | Found a gate to the Vaults.
 18985 | D:13     | Noticed Frances
 18998 | D:13     | HP: 1/84 [very large slime creature (19)]
 19005 | D:13     | Killed Frances
 19006 | D:13     | Reached skill level 8 in Axes
 19006 | D:13     | Reached XP level 16. HP: 9/88 MP: 1/23
 19020 | D:13     | Your ally Frances died
 19830 | D:14     | Found a glowing silver altar of Zin.
 19927 | D:14     | Reached skill level 9 in Axes
 20214 | D:15     | Entered Level 15 of the Dungeon
 20214 | D:15     | Noticed Rupert
 20229 | D:15     | Killed Rupert
 20420 | D:15     | Found a sparkling altar of Nemelex Xobeh.
 20634 | D:15     | Found a glowing silver altar of Zin.
 20710 | D:15     | Reached skill level 10 in Axes
 20719 | D:15     | Reached skill level 10 in Shields
 20719 | D:15     | Reached skill level 11 in Axes
 20719 | D:15     | Reached XP level 17. HP: 71/93 MP: 22/24
 20775 | D:15     | Found a hide-covered altar of Uskayaw.
 20876 | D:15     | Found an ancient bone altar of Kikubaaqudgha.
 21015 | D:15     | Found a staircase to the Depths.
 21597 | Lair:2   | Killed gabibbone's ghost
 21621 | Lair:2   | Identified the +10 chain mail of Sunlight {-Tele Str+2
                  | Dex+4 Stlth+}
 21715 | Swamp:1  | Entered Level 1 of the Swamp
 21727 | Swamp:1  | Reached skill level 12 in Axes
 22527 | Swamp:2  | Reached skill level 13 in Axes
 22961 | Swamp:3  | HP: 3/93 [swamp worm[a spriggan druid] (13)]
 23092 | Swamp:3  | Noticed a tentacled monstrosity
 23103 | Swamp:3  | Reached XP level 18. HP: 87/98 MP: 20/25
 23116 | Swamp:3  | Slain by a fenstrider witch

Illustrated notes

Levels and vault maps discovered:
D:1:      dpeg_arrival_houses_and_road, layout_basic, serial_shops,
          nicolae_shop_hallway_plus, minmay_misc_feat_alley,
          roderic_cross_of_infinity
D:2:      layout_loops_ring, nicolae_ecumenical_pavilion, minmay_pentomino_t4,
          uniq_jessica
D:3:      layout_basic, uniq_crazy_yiuf_cottage, uniq_grinder
D:4:      layout_basic, serial_shops, nicolae_shop_crystal
D:5:      layout_basic, overflow_temple_1_default,
          nicolae_dithmenos_the_darkroom, gammafunk_temple_overflow_wave,
          temple_doors_e, hangedman_decor_lopped
D:6:      layout_loops_corners, grunt_temple_overflow_opulence, uniq_duvessa,
          uniq_sigmund
D:7:      layout_rooms, enter_bailey_5, uniq_menkaure
D:8:      layout_loops_corners, mainiacjoe_overflow_cross_hatched,
          hangedman_decor_slide_cut
D:9:      layout_loops_cross, overflow_temple_1_default,
          minmay_orc_entry_guard_dogs
D:10:     layout_irregular_city, xom_confusion_cloud, lair_entry_dummy
D:11:     layout_basic, maelrawn_ghost_gauntlet_escape
D:12:     layout_gridville
D:13:     layout_gridville, grunt_vaults_entry_tiered, uniq_azrael, uniq_lodul,
          uniq_frances
D:14:     layout_basic, zin_statuary
D:15:     hangedman_depths_entry_civil_slaughter, layout_loops_ring,
          lemuel_round_altar, hangedman_feature_mirror,
          nemelex_diamond_rough_becter, uniq_rupert
Lair:1:   kb_forest_paths, layout_gridlike, lemuel_fruit_tree,
          serial_bayou_shore_b, grunt_megastairs_2
Lair:2:   layout_gridlike, ebering_ghost_inner_flame, grunt_megastairs_5
Lair:3:   layout_roguey, palyth_hydra_swamp_entry,
          minmay_snake_entry_six_corridors
Lair:4:   layout_long_grid, dpeg_slime_entry_enclosed,
          portal_ice_cave_entry_ice_simulacra
Lair:5:   evil_forest, layout_regular_city, dreamdust_deal_with_the_devil,
          gammafunk_lair_bear_cave
Swamp:1:  layout_basic_swamp, serial_swamp_ruin, evilmike_swamp_ruin_house_6,
          evilmike_swamp_ruin_wall, evilmike_swamp_ruin_rubble_2,
          infiniplex_staircase_pool_2
Swamp:2:  layout_basic_swamp, evilmike_swamp_ruin_house_4
Swamp:3:  gammafunk_worm_tunnel, layout_falls_marsh, nicolae_swamp_little_tower,
          swamp_pool4
Orc:1:    layout_caves
Orc:2:    st_orc_open, layout_caves, serial_shops, shop,
          nicolae_shop_firing_range

Skill      XL: |  1  2  3  4  5  6  7  8  9 10 11 12 13 14 15 16 17 |
---------------+----------------------------------------------------+-----
Fighting       | 1 2 4 5 6 7 8 9 10 11 12 | 12.0
Dodging        | 1 2 3 4 6 7 8 9 10 | 10.0
Stealth        | 2 |  2.0
Evocations     | 3 4 6 7 8 9 10 | 10.0
Armour         | 2 3 4 6 |  6.0
Maces & Flails | 1 3 5 6 7 8 9 10 | 10.5
Invocations    | 2 4 5 6 7 8 |  8.0
Shields        | 5 6 7 9 10 | 10.0
Axes           | 4 8 11 13 | 13.7
Polearms       | |  0.7

Action                   |  1- 3 |  4- 6 |  7- 9 | 10-12 | 13-15 | 16-18 || total
-------------------------+-------+-------+-------+-------+-------+-------++-------
Melee: Club              |    30 |       |       |       |       |       ||    30
       Short sword       |    51 |       |       |       |       |       ||    51
       Bite              |    26 |    26 |    61 |   183 |   361 |   168 ||   825
       Whip              |    34 |    56 |   226 |   459 |   334 |    24 ||  1133
       Dagger            |     5 |       |       |       |       |       ||     5
       Spear             |       |    21 |       |       |       |       ||    21
       Punch             |       |     1 |     2 |     3 |       |       ||     6
       Broad axe         |       |       |       |       |   571 |   391 ||   962
Throw: Dart              |       |     2 |       |       |       |     1 ||     3
Invok: Recall Undead Har |       |     2 |       |     1 |       |       ||     3
       Dark Bargain      |       |       |       |     5 |     4 |       ||     9
Evoke: Wand              |     1 |     1 |       |     1 |       |     2 ||     5
       Condenser vane    |       |       |       |       |       |     2 ||     2
  Use: Scroll            |     4 |     8 |     7 |    10 |    12 |     5 ||    46
       Potion            |       |       |       |     2 |     3 |     2 ||     7
 Stab: Distracted        |       |     1 |     1 |     2 |    11 |     7 ||    22
       Invisible         |       |       |       |     7 |       |     2 ||     9
       Confused          |       |       |       |       |       |     1 ||     1
Armor: Scale mail        |    48 |    43 |    67 |    67 |       |       ||   225
       Leather armour    |     5 |       |       |       |       |       ||     5
       Chain mail        |       |       |       |    31 |   407 |   267 ||   705
Dodge: Dodged            |    69 |    29 |   102 |   202 |   499 |   159 ||  1060
Block: Kite shield       |       |       |       |    66 |   578 |   401 ||  1045
       Reflection        |       |       |       |       |     1 |    13 ||    14

Table legend: (Time is in decaauts)
 A = Elapsed time spent in this place.
 B = Non-inter-level travel time spent in this place.
 C = Inter-level travel time spent in this place.
 D = Time resting spent in this place.
 E = Time spent auto-exploring this place.
 F = Levels seen in this place.
 G = Mean time per level.
                   A        B        C        D        E       F      G
               +--------+--------+--------+--------+--------+-----+--------+
         Total |  23189 |  21249 |   1940 |   1475 |  15203 |  27 |  858.9 |
       Dungeon |  13863 |  12483 |   1380 |    423 |   9755 |  15 |  924.2 |
          Lair |   4955 |   4554 |    401 |    349 |   3287 |   5 |  991.0 |
         Swamp |   1467 |   1431 |     36 |    117 |    960 |   3 |  489.0 |
  Orcish Mines |   1463 |   1340 |    123 |    228 |    719 |   2 |  731.5 |
        Bailey |    447 |    447 |      0 |     59 |    200 |   1 |  447.0 |
      Ice Cave |    992 |    992 |      0 |    299 |    281 |   1 |  992.0 |
               +--------+--------+--------+--------+--------+-----+--------+

Top non-repeatable levels by time:
  Lair:5: 1277 daAuts
    D:10: 1215 daAuts
     D:5: 1153 daAuts
     D:6: 1083 daAuts
    D:15: 1081 daAuts
  Lair:3: 1052 daAuts
     D:8: 1027 daAuts
  Lair:1: 1015 daAuts
   IceCv: 992 daAuts
    D:13: 991 daAuts
     D:9: 966 daAuts
     D:1: 933 daAuts
     D:3: 928 daAuts
    D:11: 897 daAuts
     D:4: 889 daAuts
